 Dungeon Crawl Stone Soup version 0.22-a0-848-ge9e22a0 (webtiles) character file.

159 Amnesiac the Digger (level 5, -1/35 HPs)
             Began as a Mummy Earth Elementalist on July 26, 2018.
             Killed from afar by a dart slug (5 damage)
             ... with a slug dart
             ... on level 3 of the Dungeon.
             The game lasted 00:03:20 (2101 turns).

Amnesiac the Digger (Mummy Earth Elementalist)      Turns: 2101, Time: 00:03:21

Health: -1/35      AC:  3    Str: 12    XL:     5   Next: 17%
Magic:  3/11       EV: 12    Int: 15    God:
Gold:   126        SH:  0    Dex: 12    Spells: 2/12 levels left

rFire    x . .     SeeInvis .   a - +1 dagger (venom)
rCold    + . .     Gourm    .   (no shield)
rNeg     + + +     Faith    .   c - +0 robe
rPois    ∞         Spirit   .   (no helmet)
rElec    .         Reflect  .   h - +0 cloak
rCorr    .         Harm     .   (no gloves)
MR       .....                  (no boots)
Stlth    ++........             (no amulet)
HPRegen  0.11/turn              (no ring)
MPRegen  0.12/turn              (no ring)

@: no status effects
A: no food or potions, fire vulnerability, cold resistance 1, negative energy
resistance 3, torment resistance, unbreathing
a: no special abilities


You were on level 3 of the Dungeon.
You were not hungry.

You visited 1 branch of the dungeon, and saw 3 of its levels.

You collected 126 gold pieces.

Inventory:

Hand Weapons
 a - a +1 dagger of venom (weapon)
Missiles
 b - 87 stones (quivered)
Armour
 c - a +0 robe (worn)
 h - a +0 cloak (worn)
Scrolls
 d - a scroll of teleportation {!r, unknown}
 e - a scroll of fog {!r, unknown}
 f - 3 scrolls of fear {!r, unknown}
 g - 3 scrolls of identify {!r, unknown}
 i - a scroll of immolation {!r, unknown}
 j - a scroll of enchant weapon {!r, unknown}
 k - a scroll of random uselessness {!r, unknown}
 l - a scroll of magic mapping {!r, unknown}
 m - 4 scrolls of remove curse {!r, unknown}


   Skills:
 - Level 1.5 Dodging
 - Level 1.5 Stealth
 + Level 4.1 Spellcasting
 - Level 0.7 Transmutations
 * Level 4.3 Earth Magic


You had 2 spell levels left.
You knew the following spells:

 Your Spells              Type           Power        Failure   Level  Hunger
a - Sandblast             Erth           ###...       3%          1    N/A
b - Passwall              Tmut/Erth      ##......     10%         2    N/A
c - Stone Arrow           Conj/Erth      #.....       22%         3    N/A
e - Petrify               Tmut/Erth      ##......     52%         4    N/A

Your spell library contained the following spells:

 Spells                   Type           Power        Failure   Level  Hunger
 Lee's Rapid Deconstruct  Erth           ###.......   63%         5    N/A

Dungeon Overview and Level Annotations

Branches:
Dungeon (3/15)

Altars:
Dithmenos


Innate Abilities, Weirdness & Mutations

You do not eat or drink.
Your flesh is vulnerable to fire.
You are immune to poison.
Your flesh is cold resistant. (rC+)
You are immune to negative energy. (rN+++)
You are immune to unholy pain and torment.
You can survive without breathing.


Message History

Aiming: Sandblast (safe; 3% risk of failure)
Press: ? - help, Shift-Dir - straight line, f/p - gnoll
Aim: a gnoll (moderately wounded)
The blast of sand hits the gnoll.
You kill the gnoll!
b - 92 stones
Casting: Sandblast (safe; 3% risk of failure)
Confirm with . or Enter, or press ? or * to list all spells.
Aiming: Sandblast (safe; 3% risk of failure)
Press: ? - help, Shift-Dir - straight line, f - gnoll
Aim: a gnoll, wielding a spear The blast of sand hits the gnoll.
The gnoll is lightly wounded.
b - 91 stones The gnoll hits you from afar with a spear!
* * * LOW HITPOINT WARNING * * *
Casting: Sandblast (safe; 3% risk of failure)
Confirm with . or Enter, or press ? or * to list all spells.
Aiming: Sandblast (safe; 3% risk of failure)
Press: ? - help, Shift-Dir - straight line, f/p - gnoll
Aim: a gnoll, wielding a spear (lightly wounded)
The blast of sand hits the gnoll.
The gnoll is moderately wounded.
b - 90 stones The gnoll hits you from afar with a spear.
* * * LOW HITPOINT WARNING * * *
Unknown command.
Casting: Sandblast (safe; 3% risk of failure)
Confirm with . or Enter, or press ? or * to list all spells.
Aiming: Sandblast (safe; 3% risk of failure)
Press: ? - help, Shift-Dir - straight line, f/p - gnoll
Aim: a gnoll, wielding a spear (moderately wounded)
The blast of sand hits the gnoll.
You kill the gnoll!
b - 89 stones The kobold throws a stone.
The stone barely misses you.
Unknown command.
Casting: Sandblast (safe; 3% risk of failure)
Confirm with . or Enter, or press ? or * to list all spells.
Aiming: Sandblast (safe; 3% risk of failure)
Press: ? - help, Shift-Dir - straight line, f - kobold
Aim: a kobold, wielding a dagger The blast of sand hits the kobold.
You kill the kobold!
b - 88 stones Unknown command.
Casting: Sandblast (safe; 3% risk of failure)
Confirm with . or Enter, or press ? or * to list all spells.
Aiming: Sandblast (safe; 3% risk of failure)
Press: ? - help, Shift-Dir - straight line, f - kobold
Aim: a kobold, wielding a dagger The blast of sand hits the kobold.
You kill the kobold!
b - 87 stones Unknown command.
You start resting.
The dart slug is too close now for your liking.
Casting: Sandblast (safe; 3% risk of failure)
Confirm with . or Enter, or press ? or * to list all spells.
You can't see any susceptible monsters within range! (Use Z to cast anyway.) Unknown command.
The dart slug launches a dart at you. The slug dart hits you!
You die...

#≈
.........#...#
≈≈
.###..K.#...#
≈≈ #.#(##.).#
≈w .w.#g##÷..#
≈. ..##
#K#....# .. ..
#g#.w..# .. .
#<#.))## .Z#
#.#.#)#
.....###Kg.#@#
#=.........#.#
#.$##..†...#.#
####...#.#
#...#.#
..#.#(#
.......#
.......#
.....#


You could see a dart slug.

Vanquished Creatures
  A worker ant (D:2)
  A hound zombie (D:3)
  3 gnolls (D:3)
  An adder (D:2)
  An adder skeleton (D:3)
  2 worms (D:2)
  3 dart slugs
  2 leopard geckos (D:1)
  An orc (D:3)
  A ball python (D:1)
  4 giant cockroaches
  7 goblins
  10 hobgoblins
  5 jackals
  A quokka (D:3)
  3 bats
  4 frilled lizards
  9 kobolds
  A leopard gecko zombie (D:3)
  6 rats
66 creatures vanquished.

Notes
Turn   | Place    | Note
-------+----------+-------------------------------------------
     0 | D:1      | Amnesiac the Mummy Earth Elementalist began the quest for the Orb.
     0 | D:1      | Reached XP level 1. HP: 13/13 MP: 4/4
   271 | D:1      | Reached XP level 2. HP: 17/19 MP: 3/5
   429 | D:1      | Reached XP level 3. HP: 3/24 MP: 0/7
   909 | D:1      | Learned a level 2 spell: Passwall
   913 | D:1      | Learned a level 3 spell: Stone Arrow
  1128 | D:2      | Found a shadowy altar of Dithmenos.
  1171 | D:2      | Reached XP level 4. HP: 18/30 MP: 4/9
  1183 | D:2      | Learned a level 4 spell: Petrify
  2078 | D:3      | Reached XP level 5. HP: 14/35 MP: 7/11
  2101 | D:3      | Killed from afar by a dart slug

Vault maps used:
D:1:      roderic_dead_forest, minmay_fountain_box, minmay_hexomino_u4
D:2:      first_ration, grunt_dithmenos_smoke_and_mirrors
D:3:      kennysheep_slugbush, lemuel_round_altar,
          gammafunk_temple_overflow_wave, serial_undead, serial_undead_c,
          serial_undead_c, serial_undead_a, serial_undead_a, elyvilon_altar_1

Skill      XL: |  1  2  3  4 |
---------------+-------------+-----
Earth Magic    | 3 4 |  4.3
Spellcasting   | 3 4 |  4.1
Dodging        | |  1.5
Stealth        | |  1.5
Transmutations | |  0.7

Action                   |  1- 3 |  4- 6 || total
-------------------------+-------+-------++-------
Melee: Unarmed           |    23 |       ||    23
       Hand axe          |    30 |    15 ||    45
       Dagger            |       |    51 ||    51
 Cast: Sandblast         |    46 |    16 ||    62
 Stab: Sleeping          |     2 |     2 ||     4
Armor: Robe              |    16 |    17 ||    33
Dodge: Dodged            |    92 |    32 ||   124

Table legend:
 A = Spawn XP
 B = Non-spawn XP
 C = Spawn XP percentage of total XP
 D = Spawn monster count
 E = Non-spawn monster count
 F = Spawn count percentage of total count
 G = Total turns spent on level
                    A         B        C        D         E        F      G
               +---------+---------+-------+---------+---------+-------+---------
         Total |       0 |     228 |   0.0 |       0 |      66 |   0.0 |  2101
               +---------+---------+-------+---------+---------+-------+---------
           D:1 |       0 |      52 |   0.0 |       0 |      29 |   0.0 |   914
           D:2 |       0 |      81 |   0.0 |       0 |      19 |   0.0 |   841
           D:3 |       0 |      95 |   0.0 |       0 |      18 |   0.0 |   346
               +---------+---------+-------+---------+---------+-------+---------
